AoeStats
← Mclovin

Black Forest

509455836Analyzed
4v4 RM · 4d ago on Sep 26, 2026· 42m 47s· 8 players
Game mode
Random Map
Map size
Large (8 player)
Population
200
Speed
Normal
Resources
Standard
Victory
Conquest
Starting age
Dark Age
Ending age
Imperial Age
RankedLock teamsTeams togetherTeam positionsShared explorationLock speedFull tech treeHidden civsTurbo modeCheats
Victory
Defeat
🇧🇷 Italians · Brazil
1004
+12
🇧🇷 Turks · Brazil
930
+15
909
+16
🇧🇷 Spanish · Brazil
849
+18
🇨🇴 Poles · Colombia
979
-18
🇨🇳 Mongols · China
916
-16
🇮🇳 Bohemians · India
870
-14
🇨🇳 Romans · China
855
-13
Juan Carlos Bodoque
0:35 Loom
11:33 Feudal Age
14:10 Wheelbarrow
13:28 Double-Bit Axe
13:40 Gold Mining
19:31 Castle Age
25:28 Imperial Age
25:29 Fervor
27:02 Treadmill Crane
29:31 Town Watch
30:15 Ballistics
31:13 Conscription
31:16 Stone Mining
32:54 Chemistry
33:14 Town Patrol
34:22 Stone Shaft Mining
34:22 Masonry
36:47 Architecture
36:23 Siege Engineers
37:13 Arquebus
38:44 Elite Organ Gun
40:25 Hand Cart
42:03 Fletching
Six
0:29 Loom
10:36 Feudal Age
11:11 Double-Bit Axe
16:34 Castle Age
19:59 Horse Collar
22:12 Heavy Plow
22:25 Bow Saw
22:16 Gold Mining
25:08 Gold Shaft Mining
30:59 Imperial Age
28:59 Forging
28:55 Scale Barding Armor
29:08 Bloodlines
28:58 Husbandry
31:02 Iron Casting
30:47 Chain Barding Armor
34:07 Two-Man Saw
34:57 Blast Furnace
34:32 Plate Barding Armor
Galluzzi
0:29 Loom
13:45 Feudal Age
14:30 Double-Bit Axe
14:28 Horse Collar
16:05 Fishing Lines
18:41 Wheelbarrow
20:35 Gold Mining
20:40 Stone Mining
22:18 Town Watch
27:46 Castle Age
28:59 Bow Saw
28:43 Gillnets
29:11 Hand Cart
28:51 Fletching
29:01 Padded Archer Armor
29:47 Bodkin Arrow
30:56 Leather Archer Armor
30:57 Fortified Wall
30:43 Murder Holes
30:30 Treadmill Crane
32:46 Silk Road
33:06 Caravan
32:34 Crossbowman
33:21 Thumb Ring
33:36 Masonry
33:22 Elite Skirmisher
34:52 Stone Shaft Mining
38:28 Imperial Age
37:30 Ballistics
38:46 Arbalester
39:49 Conscription
40:32 Bracer
41:02 Ring Archer Armor
41:53 Chemistry
41:24 Architecture
41:37 Elite Genoese Crossbowman
42:54 Hoardings
Mclovin
0:53 Loom
14:08 Feudal Age
15:25 Double-Bit Axe
15:29 Horse Collar
18:09 Castle Age
16:08 Stone Mining
19:43 Wheelbarrow
20:08 Gold Mining
25:46 Bow Saw
27:13 Heavy Plow
29:33 Hand Cart
29:51 Caravan
33:30 Imperial Age
31:27 Padded Archer Armor
31:18 Fletching
31:38 Forging
32:19 Town Watch
32:43 Bodkin Arrow
33:03 Leather Archer Armor
33:46 Forging
34:05 Pikeman
35:10 Supremacy
35:10 Conscription
36:33 Two-Man Saw
37:46 Chemistry
37:35 Stone Shaft Mining
36:24 Halberdier
38:21 Ring Archer Armor
37:53 Scale Mail Armor
38:29 Iron Casting
39:43 Masonry
39:58 Elite Conquistador
Eng - Esp
11:01 Feudal Age
14:59 Castle Age
14:15 Double-Bit Axe
14:24 Horse Collar
14:55 Loom
15:14 Gold Mining
15:55 Bow Saw
16:11 Scale Barding Armor
17:15 Heavy Plow
18:13 Fervor
21:41 Wheelbarrow
20:52 Town Watch
21:34 Chain Barding Armor
21:25 Forging
22:45 Caravan
23:15 Coinage
24:10 Iron Casting
23:25 Fletching
24:22 Town Patrol
26:55 Hand Cart
27:30 Ballistics
27:24 Fletching
27:35 Padded Archer Armor
28:04 Bodkin Arrow
28:03 Stone Mining
28:28 Masonry
30:06 Leather Archer Armor
30:31 Treadmill Crane
30:46 Murder Holes
33:55 Imperial Age
32:09 Scale Mail Armor
32:07 Murder Holes
33:59 Stone Shaft Mining
33:41 Bloodlines
32:51 Light Cavalry
33:32 Husbandry
35:39 Chemistry
34:45 Siege Engineers
34:51 Fortified Wall
35:20 Banking
35:55 Winged Hussar
37:43 Blast Furnace
36:43 Bracer
38:06 Conscription
darockstar686
12:23 Feudal Age
16:44 Castle Age
24:52 Horse Collar
25:00 Double-Bit Axe
26:54 Wheelbarrow
26:56 Heavy Plow
27:12 Bow Saw
27:56 Caravan
28:27 Hand Cart
29:09 Loom
29:10 Town Watch
32:27 Scale Mail Armor
32:28 Padded Archer Armor
32:19 Fletching
32:40 Forging
34:20 Chain Mail Armor
34:22 Leather Archer Armor
35:09 Chemistry
34:07 Murder Holes
34:24 Masonry
34:36 Ballistics
37:03 Imperial Age
34:36 Town Patrol
35:54 Iron Casting
35:15 Bodkin Arrow
38:32 Pikeman
39:13 Squires
38:59 Arson
41:35 Blast Furnace
41:05 Plate Mail Armor
41:06 Ring Archer Armor
40:37 Bracer
41:09 Architecture
40:50 Fortified Wall
40:47 Siege Engineers
41:47 Two-Man Saw
猪头
2:44 Loom
12:17 Feudal Age
16:03 Castle Age
14:04 Horse Collar
14:09 Double-Bit Axe
17:15 Bow Saw
17:08 Heavy Plow
23:45 Wheelbarrow
23:17 Gold Mining
24:23 Stone Mining
31:01 Imperial Age
29:09 Ballistics
28:44 Fletching
30:15 Bodkin Arrow
30:21 Padded Archer Armor
30:51 Caravan
32:04 Gold Shaft Mining
32:05 Stone Shaft Mining
32:21 Conscription
31:23 Elite Mangudai
32:16 Bracer
32:31 Leather Archer Armor
33:46 Chemistry
33:22 Thumb Ring
33:43 Parthian Tactics
33:30 Bloodlines
33:21 Husbandry
34:05 Hand Cart
33:36 Town Watch
34:22 Scale Barding Armor
34:29 Forging
33:42 Light Cavalry
36:43 Chain Barding Armor
36:59 Iron Casting
36:11 Hussar
37:42 Siege Engineers
37:58 Town Patrol
39:54 Hoardings
39:20 Murder Holes
39:38 Fortified Wall
40:12 Masonry
43:17 Blast Furnace
42:51 Drill
42:03 Onager
枯萎一直在
11:48 Feudal Age
14:51 Double-Bit Axe
15:19 Horse Collar
18:03 Castle Age
21:37 Double-Bit Axe
21:55 Man-at-Arms
22:32 Stone Mining
27:01 Wheelbarrow
27:16 Heavy Plow
27:29 Bow Saw
27:34 Gold Mining
28:30 Hand Cart
28:28 Loom
31:52 Gold Shaft Mining
34:27 Imperial Age
32:45 Long Swordsman
33:35 Scale Mail Armor
34:09 Caravan
35:33 Conscription
34:40 Legionary
35:34 Bloodlines
35:24 Husbandry
36:09 Chain Mail Armor
36:04 Forging
Connection lost

Rejoining the realm…

Still unreachable

The connection could not be restored.

Session expired

The server has moved on; the page needs a fresh start.